 Dungeon Crawl Stone Soup version 0.15.2 (webtiles) character file.

445 Huymann the Magician (level 6, -1/32 HPs)
             Began as a Deep Elf Wizard on Nov 13, 2018.
             Was an Initiate of Sif Muna.
             Shot with an arrow by a centaur (4 damage)
             ... on Level 5 of the Dungeon on Nov 14, 2018.
             The game lasted 00:37:39 (4091 turns).

Huymann the Magician (Deep Elf Wizard)              Turns: 4091, Time: 00:37:40

HP  -1/32        AC  2     Str  5      XL: 6   Next: 72%
MP  19/22        EV 14     Int 23      God: Sif Muna [......]
Gold 172         SH  0     Dex 14      Spells:  3 memorised, 12 levels left

rFire  . . .     SeeInvis +     o - +0 dagger
rCold  . . .     Clarity  .     a - +0 robe
rNeg   . . .     rCorr    .     (no shield)
rPois  .         rRot     .     b - +0 hat
rElec  .         Spirit   .     (no cloak)
SustAb .         Warding  .     (no gloves)
rMut   .         Stasis   .     (no boots)
Gourm  .                        (no amulet)
MR     .....                    (no ring)
                                J - ring of see invisible

@: not resistant to hostile enchantments, unstealthy
A: no striking features
a: Renounce Religion


You were on level 5 of the Dungeon.
You worshipped Sif Muna.
Sif Muna was noncommittal.
You were not hungry.

You visited 1 branch of the dungeon, and saw 5 of its levels.

You collected 172 gold pieces.

Inventory:

Hand weapons
 o - a +0 dagger (weapon)
 z - the +7 war axe "Sakiqa" {chop, Contam rF+ Int+3 Stlth-, unknown}
   (You found it on level 4 of the Dungeon)

   It inflicts extra damage upon your enemies.
   It affects your intelligence (+3).
   It protects you from fire.
   It causes magical contamination when unequipped.
   It makes you less stealthy.
 G - the +9 trident of Posiches {venom, rC+, unknown}
   (You found it on level 4 of the Dungeon)

   It poisons the flesh of those it strikes.
   It protects you from cold.
Missiles
 n - 14 sling bullets of flame
 p - 4 poisoned needles
 v - 12 tomahawks (quivered)
 y - 33 arrows
Armour
 a - a +0 robe (worn)
 b - a +0 hat (worn)
 B - a +0 robe
Magical devices
 C - a wand of confusion (6) {unknown}
Comestibles
 d - 4 bread rations
 f - 3 slices of pizza
 h - a chunk of orc flesh
 k - 2 beef jerkies
 q - 4 chunks of orc flesh
 A - 2 meat rations
 L - a rotting chunk of giant cockroach flesh
Scrolls
 e - a scroll of magic mapping {unknown}
 g - 8 scrolls of remove curse
 j - a scroll of recharging {unknown}
 l - a scroll of immolation {unknown}
 m - a scroll of enchant weapon {unknown}
 r - a scroll of fog {unknown}
 F - a scroll of noise {unknown}
 I - a scroll of amnesia {unknown}
 M - a scroll of teleportation {unknown}
Jewellery
 J - a ring of see invisible (left hand)
Potions
 i - a potion of decay {unknown}
 s - 2 potions of brilliance {unknown}
 t - a potion of cancellation {unknown}
 u - a potion of flight {unknown}
 w - 2 potions of agility {unknown}
 x - a potion of restore abilities {unknown}
 D - a potion of poison {unknown}
Books
 c - a book of Minor Magic

   Spells                             Type                      Level
   *Magic Dart                        Conjuration                  1
   Blink                              Translocation                2
   *Call Imp                          Summoning                    2
   Repel Missiles                     Charms/Air                   2
   Slow                               Hexes                        2
   *Conjure Flame                     Conjuration/Fire             3
   Mephitic Cloud                     Conjuration/Poison/Air       3
Magical staves
 E - an uncursed staff of earth {unknown}


   Skills:
 + Level 0.1 Fighting
 * Level 1.6 Short Blades
 * Level 1.9 Throwing
 * Level 4.0 Dodging
 * Level 3.8 Stealth
 + Level 6.8 Spellcasting
 * Level 3.4 Conjurations
 + Level 1.7 Summonings
   Level 1.1 Translocations
 + Level 0.4 Fire Magic


You had 12 spell levels left.
You knew the following spells:

 Your Spells              Type           Power        Failure   Level  Hunger
a - Magic Dart            Conj           ###.         1%          1    None
b - Call Imp              Summ           ###.....     10%         2    None
c - Conjure Flame         Conj/Fire      ###.....     12%         3    #......


Dungeon Overview and Level Annotations

Branches:
Dungeon (5/15)             Temple (0/1) D:4

Altars:
Sif Muna


Message History

Casting: Conjure Flame
Confirm with . or Enter, or press ? or * to list all spells.
A beastly little devil appears in a puff of flame.
The centaur wields a shortbow.
The centaur shoots an arrow.
The arrow hits you!
The centaur shoots an arrow.
The arrow hits you!
Ouch! That really hurt!
* * * LOW HITPOINT WARNING * * *
The centaur shoots an arrow.
The arrow hits you.
* * * LOW HITPOINT WARNING * * *
You see here an arrow.
The centaur shoots an arrow.
The arrow barely misses you.
A jackal comes into view.
The jackal moves out of view.
Your crimson imp blinks!
Casting: Call Imp
Confirm with . or Enter, or press ? or * to list all spells.
A beastly little devil appears in a puff of flame. 2 jackals come into view.
The centaur shoots an arrow.
The arrow hits you.
You die...

###
#################.#########
#........5@.....hh.........
#.....(.(.##......#.....###
#...).....##.####.#.....###
#......5.(##+####.........#
#........c......###.##.....
#######.#.......# #.##.....
#.#.......# #.##.....
#.#.......# #.###....
..........# #.# #....


You could see a centaur, 2 jackals and 2 friendly crimson imps.

Vanquished Creatures
  A phantom (D:5)
  A giant frog (D:4)
  A goliath beetle (D:3)
  2 worker ants (D:4)
  2 orc wizards (D:5)
  2 iguanas (D:4)
  An adder (D:4)
  An inept item mimic (D:3)
  3 worms
  An adder skeleton (D:4)
  An iguana zombie (D:5)
  3 giant geckos
  6 orcs
  11 bats
  2 giant cockroaches
  9 goblins
  4 hobgoblins
  7 kobolds
  2 quokkas
  9 giant newts
  10 rats
79 creatures vanquished.

Vanquished Creatures (collateral kills)
  Terence (D:2)
  2 adders
  An adder skeleton (D:4)
  A quokka (D:4)
5 creatures vanquished.

Vanquished Creatures (others)
  A shadow imp (D:4)
1 creature vanquished.

Grand Total: 85 creatures vanquished

Notes
Turn   | Place    | Note
--------------------------------------------------------------
     0 | D:1      | Huymann, the Deep Elf Wizard, began the quest for the Orb.
     0 | D:1      | Reached XP level 1. HP: 10/10 MP: 6/6
   346 | D:1      | Reached skill level 5 in Spellcasting
   346 | D:1      | Reached XP level 2. HP: 15/15 MP: 4/11
  1007 | D:2      | Learned a level 2 spell: Call Imp
  1250 | D:2      | Reached XP level 3. HP: 19/19 MP: 14/14
  1621 | D:2      | Noticed Terence
  1644 | D:2      | Killed Terence
  2227 | D:3      | Reached XP level 4. HP: 21/24 MP: 10/17
  2550 | D:3      | Learned a level 3 spell: Conjure Flame
  2692 | D:3      | Reached skill level 6 in Spellcasting
  2877 | D:4      | Found a deep blue altar of Sif Muna.
  2886 | D:4      | Became a worshipper of Sif Muna the Loreminder
  2985 | D:4      | Reached XP level 5. HP: 19/28 MP: 7/20
  3083 | D:4      | Noticed a giant frog
  3093 | D:4      | Killed a giant frog
  3093 | D:4      | Reached skill level 1 in Short Blades
  3093 | D:4      | Reached skill level 1 in Throwing
  3121 | D:4      | Noticed a phantom
  3163 | D:4      | Noticed an ogre
  3232 | D:4      | Got a dazzling trident
  3374 | D:4      | Got an iridescent war axe
  3496 | D:4      | Reached XP level 6. HP: 22/32 MP: 12/22
  3561 | D:4      | Found a staircase to the Ecumenical Temple.
  3715 | D:5      | Entered Level 5 of the Dungeon
  4091 | D:5      | Shot with an arrow by a centaur

Action                   |  1- 3 |  4- 6 || total
-------------------------+-------+-------++-------
Melee: Dagger            |     5 |    15 ||    20
Throw: Tomahawk          |       |     8 ||     8
 Cast: Magic Dart        |   111 |   117 ||   228
       Call Imp          |     9 |     7 ||    16
       Conjure Flame     |       |    12 ||    12
  Use: Scroll            |       |     4 ||     4
 Stab: Sleeping          |     2 |     2 ||     4
  Eat: Chunk             |     3 |     7 ||    10
